 Dungeon Crawl Stone Soup version 0.24.0-13-gcf9b3192b9 (webtiles) character file.

Game seed: 2426638455754867197, levelgen mode: deterministic

384 Masnef the Ogre Mage (level 6, -1/59 HPs)
             Began as an Ogre Wizard on Nov 5, 2019.
             Slain by a worker ant (4 damage)
             ... on level 4 of the Dungeon.
             The game lasted 00:11:59 (5377 turns).

Masnef the Ogre Mage (Ogre Wizard)                  Turns: 5377, Time: 00:12:00

Health: -1/59      AC:  3    Str: 12    XL:     6   Next: 77%
Magic:  7/11       EV: 10    Int: 21    God:
Gold:   87         SH:  0    Dex:  7    Spells: 4/12 levels left

rFire    . . .     SeeInvis .   j - +2 mace (protect)
rCold    + . .     Gourm    .   (no shield)
rNeg     . . .     Faith    .   a - +0 robe
rPois    .         Spirit   .   b - +0 hat
rElec    .         Reflect  .   (no cloak)
rCorr    .         Harm     .   (gloves unavailable)
MR       .....                  (boots unavailable)
Stlth    +.........             o - amulet of inaccuracy (curse)
HPRegen  0.19/turn              (no ring)
MPRegen  0.12/turn              h - ring of protection from cold

@: no status effects
A: large, unfitting armour, tough skin 1
a: no special abilities


You were on level 4 of the Dungeon.
You were not hungry.

You visited 1 branch of the dungeon, and saw 4 of its levels.

You collected 87 gold pieces.

Inventory:

Hand Weapons
 c - a +0 club
 j - a +2 mace of protection (weapon)
 m - a +1 short sword of holy wrath
 t - a +2 flail of draining
Missiles
 l - 68 poisoned darts (quivered)
Armour
 a - a +0 robe (worn)
 b - a +0 hat (worn)
 r - a +0 shield
Jewellery
 f - an uncursed amulet of harm
 h - a ring of protection from cold (right hand)
 i - an uncursed ring of ice
 o - a cursed amulet of inaccuracy (around neck)
Wands
 q - a wand of paralysis (8)
Scrolls
 g - 8 scrolls of identify
 k - 2 scrolls of teleportation
Potions
 e - a potion of might
 n - a potion of heal wounds
 p - a potion of agility {unknown}
Comestibles
 d - 2 rations


   Skills:
 + Level 2.5 Fighting
 * Level 2.6 Maces & Flails
 + Level 2.3 Dodging
 - Level 1.4 Stealth
 + Level 1.0 Shields
 * Level 3.9 Spellcasting
 + Level 2.7 Conjurations
 - Level 2.1 Summonings
 - Level 1.0 Translocations
 * Level 1.8 Air Magic
 - Level 1.0 Poison Magic


You had 4 spell levels left.
You knew the following spells:

 Your Spells              Type           Power        Failure   Level  Hunger
a - Magic Dart            Conj           ###.         3%          1    None
b - Blink                 Tloc           N/A          12%         2    #......
c - Call Imp              Summ           ##......     8%          2    #......
d - Mephitic Cloud        Conj/Pois/Air  ##......     17%         3    ###....

Your spell library contained the following spells:

 Spells                   Type           Power        Failure   Level  Hunger
 Slow                     Hex            #.......     19%         2    #......
 Conjure Flame            Conj/Fire      #.......     21%         3    ###....


Dungeon Overview and Level Annotations

Branches:
Dungeon (4/15)
 Temple: D:4-7

Altars:
Ru
Trog
Xom


Innate Abilities, Weirdness & Mutations

You are too large for most types of armour.
You have tough skin. (AC +1)


Message History

* * * LOW HITPOINT WARNING * * *
The worker ant completely misses you.
Your crimson imp hits the worker ant.
Unknown command.
Your white imp closely misses the worker ant.
Menkaure hits your crimson imp!
Your crimson imp hits Menkaure but does no damage.
Your crimson imp hits Menkaure.
Menkaure barely misses your crimson imp.
Your white imp hits Menkaure.
Your white imp freezes Menkaure.
Menkaure resists.
Your crimson imp hits Menkaure.
Menkaure mumbles some strange words.
Menkaure seems to speed up.
Your white imp hits Menkaure.
Your white imp freezes Menkaure.
Menkaure resists.
Menkaure is destroyed!
Your Shields skill increases to level 1!
Unknown command.
The worker ant waves its antennae.
The worker ant bites you.
You die...

§#+#§....#
#.....#.#
≈≈§≈≈§...##
#...5..#
##§.......#
#....#
####>.....## #..#
..##.......##
##.5#
##..........##
#5.##
###.........#
##.##
####......####a##
###.....##@.#
##....#..##
#......##
#...##.# ######.#
#.# ##. . .#


You could see a worker ant, 2 friendly crimson imps and a friendly white imp.

Vanquished Creatures
  Blork the orc (D:4)
  A howler monkey (D:3)
  An orc priest (D:3)
  An orc wizard (D:3)
  3 gnolls (D:4)
  4 adders (D:3)
  A worm (D:2)
  A dart slug (D:1)
  2 orcs
  5 giant cockroaches
  4 goblins
  2 hobgoblins
  2 jackals (D:1)
  9 kobolds
  5 quokkas
  2 ball pythons
  6 bats
  6 frilled lizards
  11 rats
67 creatures vanquished.

Vanquished Creatures (collateral kills)
  Menkaure (D:4)
  A bullfrog skeleton (D:4)
  An adder (D:4)
  A worm (D:2)
  An orc (D:4)
  A kobold (D:2)
6 creatures vanquished.

Vanquished Creatures (others)
  A plant (D:3)
1 creature vanquished.

Grand Total: 74 creatures vanquished

Notes
Turn   | Place    | Note
-------+----------+-------------------------------------------
     0 | D:1      | Masnef the Ogre Wizard began the quest for the Orb.
     0 | D:1      | Reached XP level 1. HP: 16/16 MP: 5/5
     8 | D:1      | Reached skill level 1 in Conjurations
   140 | D:1      | Reached XP level 2. HP: 22/24 MP: 0/6
   145 | D:1      | Learned a level 2 spell: Blink
   179 | D:1      | Learned a level 2 spell: Call Imp
   537 | D:1      | Reached skill level 1 in Translocations
   542 | D:1      | Reached skill level 1 in Summonings
  1396 | D:2      | Reached XP level 3. HP: 31/31 MP: 8/8
  2223 | D:2      | Reached skill level 1 in Maces & Flails
  2234 | D:2      | Reached skill level 1 in Fighting
  3081 | D:2      | Found a sacrificial altar of Ru.
  3253 | D:3      | Reached XP level 4. HP: 23/41 MP: 6/9
  3258 | D:3      | Learned a level 3 spell: Mephitic Cloud
  3432 | D:3      | Found a bloodstained altar of Trog.
  3777 | D:3      | Reached XP level 5. HP: 48/48 MP: 7/10
  3857 | D:3      | Found a shimmering altar of Xom.
  4305 | D:3      | Reached skill level 1 in Air Magic
  4700 | D:3      | Reached skill level 1 in Poison Magic
  5061 | D:4      | Reached XP level 6. HP: 32/57 MP: 3/11
  5244 | D:4      | Noticed Blork the orc
  5267 | D:4      | Killed Blork the orc
  5359 | D:4      | Noticed Menkaure
  5372 | D:4      | HP: 2/58 [Menkaure (21)]
  5376 | D:4      | Killed Menkaure
  5376 | D:4      | Reached skill level 1 in Shields
  5377 | D:4      | Slain by a worker ant

Levels and vault maps discovered:
D:1:      minmay_arrival_semitransparent, layout_basic, columned_hall_lemuel,
          serial_park_tiny_1
D:2:      layout_rooms, lemuel_coloured_pillars_altar
D:3:      layout_basic, xom_butterflies, serial_bayou, serial_bayou_lake_a,
          serial_bayou_ford_a, serial_bayou_shore_b, serial_bayou_shore_a,
          kennysheep_nondescript, bloody_trog
D:4:      layout_cave_pods, kennysheep_little_box, marbit_many_paths,
          dancing_weapons_uskayaw, serial_shops, shop, kennysheep_mini_moat,
          shop, nicolae_shop_trees, minmay_misc_feat_doors,
          kennysheep_okawaru_gauntlet, uniq_blork_the_orc, uniq_natasha,
          uniq_sigmund, uniq_menkaure

Skill      XL: |  1  2  3  4  5  6 |
---------------+-------------------+-----
Conjurations   | 1 2 |  2.7
Translocations | 1 |  1.0
Summonings     | 1 2 |  2.1
Maces & Flails | 1 2 |  2.6
Fighting       | 1 2 |  2.5
Dodging        | 2 |  2.3
Air Magic      | 1 |  1.8
Poison Magic   | 1 |  1.0
Shields        | 1 |  1.0
Stealth        | |  1.4
Spellcasting   | |  3.9

Action                   |  1- 3 |  4- 6 || total
-------------------------+-------+-------++-------
Melee: Unarmed           |     8 |       ||     8
       Club              |    51 |       ||    51
       Mace              |   150 |   115 ||   265
       Flail             |       |     2 ||     2
 Cast: Magic Dart        |    22 |    24 ||    46
       Call Imp          |     4 |    12 ||    16
       Mephitic Cloud    |       |     6 ||     6
       Blink             |       |     1 ||     1
Evoke: Wand              |       |     2 ||     2
  Use: Scroll            |     5 |       ||     5
 Stab: Sleeping          |     4 |       ||     4
       Confused          |       |     4 ||     4
       Paralysed         |       |     3 ||     3
  Eat: Chunk             |     4 |     8 ||    12
       Ration            |     1 |       ||     1
Armor: Robe              |   110 |    37 ||   147
Dodge: Dodged            |   157 |    79 ||   236
